[Event "Dmg_Chmp_2022"]
[Site "Dimitrovgrad"]
[Date "2022.11.26"]
[Round "1"]
[White "Rudnev, Yuri"]
[Black "Batyukova, Anastasiya"]
[Result "1-0"]
[ECO "C62"]
[WhiteElo "2150"]
[BlackElo "1800"]
[PlyCount "99"]
[TimeControl "90"]

1. e4 e5 2. Nf3 Nc6 3. Bb5 d6 4. d4 Bd7 5. O-O Nf6 6. Nc3 g6 7. Bg5 Bg7 8. Bxc6
Bxc6 9. dxe5 dxe5 10. Qxd8+ Rxd8 11. Nxe5 Rd6 12. Nxc6 Rxc6 13. Rad1 O-O 14.
Bxf6 Bxf6 15. Nd5 Re8 16. Nxf6+ Rxf6 17. f3 Rb6 18. b3 Re5 19. Rf2 Ra5 20. a4
Rb4 21. Rfd2 Kg7 22. Rd5 Rxd5 23. Rxd5 Rb6 24. Kf2 Rc6 25. c4 Rb6 26. Rd3 Kf6
27. Ke3 c5 28. Kd2 Ke6 29. Kc3 h5 30. Rd5 Rc6 31. g3 b6 32. Kd3 f6 33. h4 Rd6
34. Ke3 f5 35. exf5+ gxf5 36. Rxd6+ Kxd6 37. Kf4 Ke6 38. Kg5 Ke5 39. Kxh5 Kf6
40. g4 fxg4 41. fxg4 Kg7 42. Kg5 Kg8 43. Kf6 Kf8 44. g5 Kg8 45. g6 Kf8 46. h5
Kg8 47. h6 Kh8 48. g7+ Kg8 49. Kg6 a6 50. h7# 1-0

[Event "Dmg_Chmp_2022"]
[Site "Dimitrovgrad"]
[Date "2022.11.26"]
[Round "1"]
[White "Kiselev, Artem"]
[Black "Zaletov, Yuri"]
[Result "0-1"]
[ECO "A56"]
[WhiteElo "1800"]
[BlackElo "2119"]
[PlyCount "110"]
[TimeControl "90"]

1. d4 Nf6 2. c4 c5 3. dxc5 Qa5+ 4. Nc3 Qxc5 5. e3 Nc6 6. Nf3 d6 7. Be2 g6 8.
O-O Bg7 9. b3 O-O 10. Bb2 Bf5 11. Nd4 Bd7 12. Qd2 Qg5 13. Nf3 Qh6 14. h3 Rac8
15. Rfd1 Be6 16. Nd5 Ne4 17. Qc2 Bxb2 18. Qxb2 Ng5 19. Nxg5 Qxg5 20. Kh2 Qh4
21. Bf3 Ne5 22. Qe2 Rfe8 23. Nf4 b6 24. Nxe6 fxe6 25. Rd4 Qf6 26. Be4 Rf8 27.
Rf1 Kg7 28. f4 Nd7 29. Rf3 e5 30. Rd5 Qh4 31. g3 Qh6 32. Qf2 Nf6 33. Qc2 Nxd5
34. Bxd5 Qh5 35. g4 Qh4 36. Qc3 h5 37. Be6 Rcd8 38. Qc2 hxg4 39. Bxg4 exf4 40.
exf4 Qf6 41. Qg2 Rh8 42. f5 Qe5+ 43. Kh1 Rdf8 44. Kg1 Rf6 45. fxg6 Qe1+ 46. Kh2
Rxf3 47. Bxf3 Qe5+ 48. Kh1 Rf8 49. Be2 Qf4 50. Kg1 Qe3+ 51. Kh1 Rf2 52. Qg4
Qc1+ 53. Bd1 Rf1+ 54. Kg2 Qxd1 55. Qe4 Re1 0-1

[Event "Dmg_Chmp_2022"]
[Site "Dimitrovgrad"]
[Date "2022.11.26"]
[Round "1"]
[White "Bredihin, Dmitriy"]
[Black "Kuprikova, Anna"]
[Result "1-0"]
[ECO "A09"]
[WhiteElo "2107"]
[BlackElo "1800"]
[PlyCount "67"]
[TimeControl "90"]

1. Nf3 d5 2. c4 Nf6 3. cxd5 Nxd5 4. d4 Nc6 5. e4 Nb6 6. h3 f6 7. Nc3 e5 8. d5
Na5 9. a3 Nac4 10. Bxc4 Nxc4 11. Qa4+ Bd7 12. Qxc4 c6 13. dxc6 Bxc6 14. O-O Be7
15. Rd1 Qb6 16. Be3 Qa6 17. Qe6 Qa5 18. Rac1 Rd8 19. Nd5 Bxd5 20. exd5 Rd6 21.
Rc8+ Qd8 22. Rxd8+ Rxd8 23. d6 Rd7 24. Kh2 Rf8 25. dxe7 Rxe7 26. Qd5 b6 27.
Nxe5 fxe5 28. Bg5 Rxf2 29. Qd8+ Kf7 30. Qxe7+ Kg6 31. Rd6+ Kh5 32. Qxg7 Rxg2+
33. Kxg2 e4 34. Rh6# 1-0

[Event "Dmg_Chmp_2022"]
[Site "Dimitrovgrad"]
[Date "2022.11.26"]
[Round "1"]
[White "Shapran, Stefaniya"]
[Black "Abramov, Alexander"]
[Result "1/2-1/2"]
[ECO "E90"]
[WhiteElo "1800"]
[BlackElo "2050"]
[PlyCount "75"]
[TimeControl "90"]

1. Nf3 Nf6 2. c4 g6 3. Nc3 Bg7 4. d4 O-O 5. e4 d6 6. Be3 e5 7. dxe5 dxe5 8.
Qxd8 Rxd8 9. Nd5 Nxd5 10. cxd5 c6 11. Bc4 h6 12. O-O b5 13. Bb3 Bb7 14. a4 cxd5
15. exd5 bxa4 16. Rxa4 Na6 17. Rd1 Nc7 18. Rxa7 Rxa7 19. Bxa7 Nxd5 20. Bxd5
Rxd5 21. Rxd5 Bxd5 22. b4 e4 23. Nd4 Kf8 24. b5 Ke7 25. Bc5+ Kd7 26. Kf1 Bxd4
27. Bxd4 Bc4+ 28. Ke1 Bxb5 29. Kd2 Ke6 30. Ke3 Bc6 31. g4 f6 32. Bc5 h5 33.
gxh5 gxh5 34. Kf4 Bd5 35. Bd4 Bc6 36. Bc5 Bd5 37. Bd4 Bc6 38. Bc5 1/2-1/2

[Event "Dmg_Chmp_2022"]
[Site "Dimitrovgrad"]
[Date "2022.11.26"]
[Round "1"]
[White "Abramov, Sergey"]
[Black "Guliev, Fahrutdin"]
[Result "1-0"]
[ECO "D45"]
[WhiteElo "2005"]
[BlackElo "1750"]
[PlyCount "82"]
[TimeControl "90"]

1. Nf3 d5 2. d4 Nf6 3. c4 c6 4. e3 e6 5. Nc3 Be7 6. Qc2 O-O 7. b3 Bb4 8. Bd3
Nbd7 9. O-O Re8 10. Bb2 Bd6 11. e4 dxe4 12. Nxe4 Nxe4 13. Bxe4 Nf6 14. Bd3 h6
15. Rad1 Kh8 16. Ne5 Rf8 17. h3 Bxe5 18. dxe5 Ng8 19. Ba3 Re8 20. Bg6 Qc7 21.
Bd6 Qd7 22. Be4 f5 23. exf6 Nxf6 24. Bg6 Rd8 25. Be5 Qe7 26. Rxd8+ Qxd8 27. Rd1
Qe7 28. Bd6 Qd8 29. Qe2 Bd7 30. Qf3 Be8 31. Bc2 Bf7 32. Be5 Qe7 33. Bxf6 gxf6
34. Qd3 f5 35. Qc3+ Kg8 36. Qg3+ Kh7 37. Qe5 Rd8 38. Bxf5+ Kg8 39. Rxd8+ Qxd8
40. Bxe6 Qe7 41. Bxf7+ Qxf7 1-0

[Event "Dmg_Chmp_2022"]
[Site "Dimitrovgrad"]
[Date "2022.11.26"]
[Round "1"]
[White "Murzakhanov, Rustam"]
[Black "Markelov, Aleksey"]
[Result "1/2-1/2"]
[ECO "D30"]
[WhiteElo "1750"]
[BlackElo "1950"]
[PlyCount "52"]
[TimeControl "90"]

1. d4 Nf6 2. c4 e6 3. Nf3 d5 4. Bg5 Be7 5. cxd5 exd5 6.
e3 c6 7. h3 Bf5 8. Nc3 Nbd7 9. Bd3 Bg6 10. O-O O-O 11. Re1 Re8 12. Rc1 Ne4 13.
Bxe7 Qxe7 14. a3 Nxc3 15. Rxc3 Qd6 16. Bxg6 hxg6 17. Qd2 a5 18. Qc2 a4 19. Nd2
Rec8 20. Rc1 Rc7 21. g3 Rcc8 22. Kg2 Rc7 23. Nf3 Rcc8 24. Nd2 Rc7 25. Nf3 Rcc8
26. Nd2 Rc7 1/2-1/2

[Event "Dmg_Chmp_2022"]
[Site "Dimitrovgrad"]
[Date "2022.11.26"]
[Round "1"]
[White "Akimov, Gennadiy"]
[Black "Shaykin, Andrey"]
[Result "1/2-1/2"]
[ECO "C50"]
[WhiteElo "1929"]
[BlackElo "1750"]
[PlyCount "84"]
[TimeControl "90"]

1. e4 e5 2. Nf3 Nc6 3. Bc4 Nd4 4. Nxd4 exd4 5. O-O d6 6.
c3 dxc3 7. Nxc3 g6 8. d4 Bg7 9. f4 c6 10. Be3 Qb6 11. Qd2 Ne7 12. d5 Qb4 13.
Bd4 O-O 14. Bxg7 Kxg7 15. Bb3 c5 16. Rae1 Qb6 17. Kh1 Bd7 18. e5 dxe5 19. fxe5
Nf5 20. e6 fxe6 21. dxe6 Bc6 22. Qf4 Rae8 23. Qe5+ Kh6 24. Nd5 Bxd5 25. Bxd5
Qb5 26. Rf3 Nh4 27. Qe3+ Kg7 28. Rxf8 Rxf8 29. Bf3 Qxb2 30. Qxc5 Nxf3 31. gxf3
Qd2 32. Qe5+ Kh6 33. e7 Re8 34. Re2 Qc1+ 35. Re1 Qg5 36. Qe6 Kg7 37. Re2 Qf6
38. Qe4 Qd6 39. Kg2 Qb6 40. h4 Qf6 41. Qe5 Kf7 42. Qd5+ Kg7 1/2-1/2

[Event "Dmg_Chmp_2022"]
[Site "Dimitrovgrad"]
[Date "2022.11.26"]
[Round "1"]
[White "Kuprikov, Alexey"]
[Black "Lazutin, Valerij"]
[Result "0-1"]
[ECO "B13"]
[WhiteElo "1722"]
[BlackElo "1904"]
[PlyCount "86"]
[TimeControl "90"]

1. e4 c6 2. d4 d5 3. exd5 cxd5 4. Nf3 Nc6 5. Bd3 Nf6 6.
c3 Bg4 7. h3 Bh5 8. Nbd2 e6 9. Qa4 Bd6 10. Bb5 Qc7 11. O-O O-O 12. Re1 a6 13.
Bd3 b5 14. Qc2 Rfc8 15. a3 Qb6 16. Qb1 a5 17. Ng5 Bg6 18. Bxg6 hxg6 19. Nf1 b4
20. Qd3 e5 21. cxb4 e4 22. bxa5 Qxd4 23. Qxd4 Nxd4 24. Rd1 Nb3 25. Rb1 Rxa5 26.
f3 Bc5+ 27. Kh1 Re8 28. fxe4 dxe4 29. Re1 Bd4 30. Be3 Be5 31. Re2 Rd5 32. Bf2
Bf4 33. h4 Bxg5 34. hxg5 Rxg5 35. Re3 Rb5 36. Rc3 Ng4 37. Kg1 f5 38. Rd1 f4 39.
Bh4 e3 40. Nxe3 fxe3 41. Re1 Nd4 42. Rd3 Nf5 43. Bg5 Rxb2 0-1

[Event "Dmg_Chmp_2022"]
[Site "Dimitrovgrad"]
[Date "2022.11.26"]
[Round "1"]
[White "Slaboganin, Vladimir"]
[Black "Bondarenko, Anton"]
[Result "1-0"]
[ECO "D43"]
[WhiteElo "1900"]
[BlackElo "1620"]
[PlyCount "53"]
[TimeControl "90"]

1. d4 d5 2. c4 c6 3. Nf3 Nf6 4. Nc3 e6 5. Bg5 Be7 6. e3
Nbd7 7. Bd3 dxc4 8. Bxc4 b5 9. Be2 Bb7 10. O-O a6 11. Rc1 Rc8 12. Bd3 c5 13.
Bb1 h6 14. Bh4 cxd4 15. Nxd4 O-O 16. Re1 b4 17. Na4 Qa5 18. b3 Qd5 19. f3 Rxc1
20. Qxc1 Rc8 21. Qd1 Nc5 22. Nb6 Qd8 23. Nxc8 Qxc8 24. Qc2 g6 25. Rc1 g5 26.
Bg3 Nd5 27. Qh7+ 1-0

[Event "Dmg_Chmp_2022"]
[Site "Dimitrovgrad"]
[Date "2022.11.26"]
[Round "1"]
[White "Markelova, Maria"]
[Black "Abramov, Gordey P."]
[Result "0-1"]
[ECO "D47"]
[WhiteElo "1600"]
[BlackElo "1850"]
[PlyCount "76"]
[TimeControl "90"]

1. d4 d5 2. e3 c6 3. c4 Nf6 4. Nc3 e6 5. Nf3 Nbd7 6. Be2 dxc4 7. Bxc4 b5 8. Be2
Bd6 9. O-O O-O 10. Bd2 Bb7 11. e4 e5 12. Be3 a6 13. Ng5 Re8 14. Bg4 Nxg4 15.
Qxg4 Nf6 16. Qf5 Bc8 17. Qf3 Bg4 18. Qg3 exd4 19. Qh4 dxe3 20. fxe3 h6 21. Nh3
Bxh3 22. Qxh3 Nxe4 23. Qf5 Nf6 24. Rad1 Qc7 25. g3 Rxe3 26. Rd3 Rxd3 27. Qxd3
Rd8 28. Ne4 Bc5+ 29. Nxc5 Rxd3 30. Nxd3 Qb6+ 31. Kg2 Qe3 32. Rf3 Qe2+ 33. Rf2
Qe4+ 34. Rf3 Ng4 35. Nc5 Qe2+ 36. Kh3 Qxf3 37. Nd7 Nf2+ 38. Kh4 Qg4# 0-1

[Event "Dmg_Chmp_2022"]
[Site "Dimitrovgrad"]
[Date "2022.11.26"]
[Round "1"]
[White "Zabarov"]
[Black "Bagautdinova"]
[Result "1-0"]
[ECO "C41"]
[WhiteElo "1850"]
[BlackElo "1500"]
[PlyCount "71"]
[TimeControl "90"]

1. e4 e5 2. Nf3 d6 3. Bc4 Bg4 4. d3 Nc6 5. Be3 Nf6 6. Nbd2 g6 7. c3 Bg7 8. b4
a6 9. h3 Bxf3 10. Qxf3 b5 11. Bb3 Ne7 12. d4 Nc6 13. O-O O-O 14. Rad1 exd4 15.
cxd4 Ne7 16. Bg5 Nd7 17. Nb1 Qe8 18. Rfe1 c5 19. bxc5 dxc5 20. e5 cxd4 21. Bf6
Nf5 22. g4 Nh6 23. Rxd4 Bxf6 24. Rxd7 Qxd7 25. exf6 Rfe8 26. Re3 Rxe3 27. Qxe3
Qd6 28. Qxh6 Qxf6 29. Nd2 a5 30. Ne4 Qg7 31. Qf4 a4 32. Bd5 Rd8 33. g5 Kf8 34.
Nf6 Rxd5 35. Qb4+ Rd6 36. Qxd6# 1-0

[Event "Dmg_Chmp_2022"]
[Site "Dimitrovgrad"]
[Date "2022.11.27"]
[Round "2"]
[White "Lazutin, Valerij"]
[Black "Rudnev, Yuri"]
[Result "1-0"]
[ECO "E18"]
[WhiteElo "1904"]
[BlackElo "2150"]
[PlyCount "27"]
[TimeControl "90"]

1. c4 Nf6 2. g3 e6 3. Bg2 d5 4. d4 Be7 5. Nf3 O-O 6. O-O b6 7. cxd5 exd5 8. Nc3
Bb7 9. Ne5 Re8 10. Re1 c5 11. dxc5 Bxc5 12. Nd3 Na6 13. Bg5 Bxf2+ 14. Nxf2 1-0

[Event "Dmg_Chmp_2022"]
[Site "Dimitrovgrad"]
[Date "2022.11.27"]
[Round "2"]
[White "Zaletov, Yuri"]
[Black "Slaboganin, Vladimir"]
[Result "1-0"]
[ECO "B22"]
[WhiteElo "2119"]
[BlackElo "1900"]
[PlyCount "63"]
[TimeControl "90"]                                                                                                                                                        1. e4 c5 2. c3 d6 3. d4 cxd4 4. cxd4 g6 5. Nc3 Nf6 6. Nf3 Bg7 7. Be2 O-O 8. O-O
Bd7 9. Bg5 Nc6 10. Qd2 Qa5 11. e5 dxe5 12. dxe5 Nxe5 13. Nxe5 Qxe5 14. Bxf6
Bxf6 15. Qxd7 Rad8 16. Qxb7 Rb8 17. Qf3 Rxb2 18. Ne4 Bg7 19. Rfe1 Qa5 20. Bc4
Rc2 21. Bb3 Bxa1 22. Rxa1 Rc7 23. h4 Qe5 24. Rd1 a5 25. Ng5 Qf6 26. Qd5 Rcc8
27. Qxa5 h6 28. Nf3 Qf4 29. Qe5 Qb4 30. h5 Qg4 31. hxg6 Qxg6 32. Qxe7 1-0

[Event "Dmg_Chmp_2022"]
[Site "Dimitrovgrad"]
[Date "2022.11.27"]
[Round "2"]
[White "Abramov, Gordey P."]
[Black "Bredihin, Dmitriy"]
[Result "0-1"]
[ECO "E18"]
[WhiteElo "1850"]
[BlackElo "2107"]
[PlyCount "72"]
[TimeControl "90"]

1. c4 Nf6 2. d4 e6 3. Nf3 b6 4. g3 Bb7 5. Bg2 Be7 6. O-O O-O 7. Nc3 Ne4 8. Qc2
Nxc3 9. bxc3 f5 10. Rd1 Be4 11. Qb3 Qc8 12. d5 Na6 13. Ne5 Nc5 14. Qb4 Bxg2 15.
Kxg2 Bd6 16. Bf4 Nd3 17. Qb5 Nxe5 18. Bxe5 a6 19. Qb3 Bxe5 20. dxe6 dxe6 21. c5
Qb7+ 22. Kg1 Qc6 23. cxb6 cxb6 24. Rab1 b5 25. Rd3 Rac8 26. Rbd1 Rfe8 27. Rd7
Qxc3 28. Qb1 Qb2 29. Qd3 Rc3 30. Rxg7+ Bxg7 31. Qd7 Rcc8 32. Rd6 Qb1+ 33. Kg2
Qxa2 34. Rb6 Qd5+ 35. Qxd5 exd5 36. Rxa6 Rxe2 0-1

[Event "Dmg_Chmp_2022"]
[Site "Dimitrovgrad"]
[Date "2022.11.27"]
[Round "2"]
[White "Zabarov"]
[Black "Abramov, Sergey"]
[Result "0-1"]
[ECO "C02"]
[WhiteElo "1850"]
[BlackElo "2005"]
[PlyCount "70"]
[TimeControl "90"]

1. e4 e6 2. d4 d5 3. e5 c5 4. c3 Nc6 5. Bb5 Qb6 6. Bxc6+ bxc6 7. Ne2 f6 8. O-O
f5 9. Nf4 g6 10. Na3 cxd4 11. cxd4 c5 12. Nc2 c4 13. Rb1 Qa5 14. a3 Rb8 15. Bd2
Qa4 16. Qc1 Ne7 17. Ne3 Nc6 18. Bc3 Be7 19. Re1 O-O 20. g3 Bd7 21. h4 Rb3 22.
Qd2 Qb5 23. a4 Qxa4 24. Nexd5 exd5 25. Nxd5 Qb5 26. Nf6+ Rxf6 27. exf6 Bxf6 28.
Ra1 Qd5 29. Qf4 Nxd4 30. Rad1 Bc6 31. f3 Rxc3 32. bxc3 Qxf3 33. Qxf3 Nxf3+ 34.
Kf1 Nxe1 35. Kxe1 Bxc3+ 0-1

[Event "Dmg_Chmp_2022"]
[Site "Dimitrovgrad"]
[Date "2022.11.26"]
[Round "2"]
[White "Abramov, Alexander"]
[Black "Murzakhanov, Rustam"]
[Result "1-0"]
[ECO "E15"]
[WhiteElo "2050"]
[BlackElo "1750"]
[PlyCount "55"]
[TimeControl "90"]

1. d4 Nf6 2. c4 e6 3. Nf3 b6 4. g3 Bb7 5. Bg2 c5 6. Nc3 d5 7. O-O Be7 8. dxc5
Bxc5 9. Bg5 Nbd7 10. cxd5 exd5 11. Qa4 O-O 12. Rfd1 h6 13. Bxf6 Nxf6 14. b4 Be7
15. e4 a6 16. Qb3 Re8 17. e5 Nd7 18. Nxd5 Qb8 19. e6 fxe6 20. Nc7 Qxc7 21.
Qxe6+ Kf8 22. Rxd7 Bc8 23. Ne5 Qxe5 24. Qxe5 Bxd7 25. Bxa8 Rxa8 26. Re1 Re8 27.
Qf4+ Kg8 28. Qc7 1-0

[Event "Dmg_Chmp_2022"]
[Site "Dimitrovgrad"]
[Date "2022.11.27"]
[Round "2"]
[White "Markelov, Aleksey"]
[Black "Akimov, Gennadiy"]
[Result "1-0"]
[ECO "C29"]
[WhiteElo "1950"]
[BlackElo "1929"]
[PlyCount "93"]
[TimeControl "90"]

1. e4 e5 2. Nc3 Nf6 3. f4 Bb4 4. d3 d6 5. Nf3 Nc6 6. Be2
Bc5 7. Na4 Bb4+ 8. c3 Ba5 9. b4 b5 10. bxa5 bxa4 11. fxe5 dxe5 12. Ba3 Bd7
13. O-O Ne7 14. Nxe5 O-O 15. Nxd7 Qxd7 16. Bf3 Rfe8 17. Re1 Rad8 18. d4 Qb5 19.
Bb4 Ng6 20. Qc2 Qg5 21. Rad1 Nh4 22. Qf2 Qf4 23. Qg3 Qxg3 24. hxg3 Ng6 25. e5
Nd5 26. Bxd5 Rxd5 27. Bc5 a6 28. c4 Rdd8 29. Rb1 Rb8 30. Kf2 Nf8 31. Bxf8 Kxf8
32. Rxb8 Rxb8 33. Ke3 Ke7 34. Kd3 Rb2 35. Re2 Rb1 36. Ke4 Rb4 37. Kd5 a3 38.
Re3 Rb2 39. Rxa3 Kd7 40. Rf3 Ke7 41. Kc6 Rc2 42. c5 Rxa2 43. d5 Rxa5 44. d6+
cxd6 45. exd6+ 1-0

[Event "Dmg_Chmp_2022"]
[Site "Dimitrovgrad"]
[Date "2022.11.27"]
[Round "2"]
[White "Shaykin, Andrey"]
[Black "Shapran, Stefaniya"]
[Result "0-1"]
[ECO "D02"]
[WhiteElo "1750"]
[BlackElo "1800"]
[PlyCount "112"]
[TimeControl "90"]

1. Nf3 d5 2. d4 Bf5 3. e3 e6 4. Nc3 a6 5. h3 c5 6. Bd3 Bxd3 7. Qxd3 c4 8. Qe2
b5 9. a3 Nf6 10. O-O h5 11. e4 dxe4 12. Nxe4 Nd5 13. a4 Nc6 14. b3 cxb3 15.
cxb3 b4 16. Qc4 Na5 17. Qd3 Qc7 18. Bd2 g6 19. Rac1 Qb6 20. Ne5 Be7 21. Ng5 Rg8
22. Ngxf7 g5 23. Qh7 Nf6 24. Qd3 g4 25. Nh6 Rg7 26. h4 Rd8 27. Be3 Nd5 28. Bg5
Bxg5 29. hxg5 Nf4 30. Qe3 Qxd4 31. Qxd4 Rxd4 32. Rc8+ Rd8 33. Rxd8+ Kxd8 34.
Rd1+ Nd5 35. Nhf7+ Ke7 36. g6 Nxb3 37. Nc6+ Kf6 38. Nfe5 Nc5 39. Rc1 Nxa4 40.
Nd3 b3 41. Rb1 Rxg6 42. Rxb3 g3 43. f3 Rg5 44. Rb8 Ndc3 45. Nf4 Nc5 46. Rh8 e5
47. Nxh5+ Ke6 48. Rh6+ Kd5 49. Nf6+ Kc4 50. Ne8 Nd3 51. Nd6+ Kb3 52. Na5+ Kc2
53. Ndc4 Kd1 54. Ne3+ Ke2 55. Nec4 Ke1 56. Ne3 Ne2+ 0-1

[Event "Dmg_Chmp_2022"]
[Site "Dimitrovgrad"]
[Date "2022.11.27"]
[Round "2"]
[White "Batyukova, Anastasiya"]
[Black "Kuprikov, Alexey"]
[Result "0-1"]
[ECO "C50"]
[WhiteElo "1800"]
[BlackElo "1722"]
[PlyCount "78"]
[TimeControl "90"]

1. e4 e5 2. Nf3 Nc6 3. Bc4 Bc5 4. d3 Nf6 5. Nc3 O-O 6. Bg5 h6 7. Bh4 d6 8. h3
Be6 9. Nd5 Bxd5 10. Bxd5 Nb4 11. Bb3 Nc6 12. O-O Na5 13. Bd5 c6 14. Bc4 b5 15.
Bb3 Nxb3 16. axb3 Re8 17. c4 d5 18. exd5 cxd5 19. cxd5 Qxd5 20. Bxf6 gxf6 21.
Ra6 Bb6 22. Re1 Rad8 23. Nd2 Qxd3 24. Qg4+ Qg6 25. Ne4 Re6 26. Rc1 Qxg4 27.
hxg4 Bxf2+ 28. Kxf2 Rxa6 29. Ke3 Kg7 30. Rc5 Ra2 31. Rxb5 Rxb2 32. Rb7 a5 33.
Rb6 a4 34. b4 a3 35. Ra6 a2 36. Nc3 Rb3 37. Rxa2 Rxc3+ 38. Ke4 Rd4+ 39. Kf5
Rf4# 0-1

[Event "Dmg_Chmp_2022"]
[Site "Dimitrovgrad"]
[Date "2022.11.27"]
[Round "2"]
[White "Bondarenko, Anton"]
[Black "Kiselev, Artem"]
[Result "1-0"]
[ECO "B86"]
[WhiteElo "1620"]
[BlackElo "1800"]
[PlyCount "39"]
[TimeControl "90"]

1. e4 c5 2. Nf3 d6 3. d4 cxd4 4. Nxd4 Nf6 5. Nc3 e6 6. Bc4 Be7 7. O-O O-O 8.
Be3 a6 9. f4 b5 10. Bd3 Bb7 11. e5 dxe5 12. fxe5 Nd5 13. Nxd5 Bxd5 14. Qg4 Re8
15. Rxf7 Kxf7 16. Qh5+ Kf8 17. Rf1+ Bf6 18. exf6 Ra7 19. fxg7+ Ke7 20. Bg5+ 1-0

[Event "Dmg_Chmp_2022"]
[Site "Dimitrovgrad"]
[Date "2022.11.27"]
[Round "2"]
[White "Kuprikova, Anna"]
[Black "Markelova, Maria"]
[Result "1-0"]
[ECO "C55"]
[WhiteElo "1800"]
[BlackElo "1600"]
[PlyCount "69"]
[TimeControl "90"]

1. e4 e5 2. Nf3 Nc6 3. Nc3 Nf6 4. Bc4 h6 5. d3 d6 6. Be3 Be7 7. h3 O-O 8. g4 a6
9. g5 hxg5 10. Bxg5 Nh7 11. Bxe7 Qxe7 12. Nd5 Qd8 13. Qd2 Be6 14. h4 Bg4 15.
Qe3 Bxf3 16. Qxf3 Nd4 17. Qd1 Nf6 18. c3 Nxd5 19. Bxd5 c6 20. cxd4 cxd5 21.
dxe5 dxe5 22. Qb3 dxe4 23. O-O-O Qf6 24. dxe4 Qxf2 25. Kb1 Qe2 26. Rde1 Qb5 27.
Qg3 Rac8 28. Rhg1 g6 29. h5 Rfd8 30. hxg6 fxg6 31. Qxg6+ Kf8 32. Qf6+ Ke8 33.
Rg8+ Kd7 34. Rg7+ Ke8 35. Qe7# 1-0

[Event "Dmg_Chmp_2022"]
[Site "Dimitrovgrad"]
[Date "2022.11.27"]
[Round "2"]
[White "Guliev, Fahrutdin"]
[Black "Bagautdinova"]
[Result "1-0"]
[ECO "D00"]
[WhiteElo "1750"]
[BlackElo "1500"]
[PlyCount "93"]
[EventDate "2022.??.??"]
[TimeControl "90"]

1. d4 d5 2. Bf4 Nc6 3. e3 Bf5 4. Nf3 Nf6 5. c3 e6 6. h3 g6 7. Nbd2 Bg7 8. Be2
O-O 9. O-O a6 10. Qb3 Rb8 11. Qd1 Re8 12. Nh4 Be4 13. f3 Nh5 14. g3 g5 15. fxe4
gxf4 16. Bxh5 fxg3 17. Qg4 Kh8 18. Rxf7 Rg8 19. Qxe6 dxe4 20. Nf5 Qh4 21. Qxe4
Qxh5 22. Nxg7 Qxf7 23. Nf5 Qh5 24. h4 Qe2 25. Qg2 Qg4 26. Nh6 Qxh4 27. Nxg8
Rxg8 28. Rf1 Qe7 29. e4 Qg5 30. Rf3 b5 31. e5 Nxe5 32. dxe5 Qxe5 33. Nf1 Qc5+
34. Kh1 Qh5+ 35. Kg1 Qc5+ 36. Ne3 Qd6 37. Nf5 Qd1+ 38. Rf1 Qg4 39. Nh6 Qg5 40.
Nxg8 Qxg8 41. Qe4 Qxa2 42. Rf8+ Kg7 43. Qe7+ Kg6 44. Qf6+ Kh5 45. Qf3+ Kh4 46.
Rf4+ Kh3 47. Qg2# 1-0

[Event "Dmg_Chmp_2022"]
[Site "Dimitrovgrad"]
[Date "2022.11.27"]
[Round "3"]
[White "Bredihin, Dmitriy"]
[Black "Lazutin, Valerij"]
[Result "1-0"]
[ECO "D45"]
[WhiteElo "2117"]
[BlackElo "1904"]
[PlyCount "91"]
[TimeControl "90"]

1. c4 c6 2. d4 d5 3. Nf3 Nf6 4. Nc3 e6 5. e3 Be7 6. Qc2 Nbd7
7. Bd2 O-O 8. h3 Re8 9. O-O-O dxc4 10. Bxc4 b5 11. Bd3 Nf8 12. Kb1 Bb7 13. Ne4
a5 14. Ne5 Qb6 15. Ng5 Rec8 16. Bc1 a4 17. Qe2 Ba6 18. Bd2 b4 19. Ngxf7 Ng6 20.
Nxg6 hxg6 21. Ne5 Nd5 22. Bxa6 Rxa6 23. Ka1 Ra7 24. Rc1 b3 25. Qg4 c5 26. Nc4
Qa6 27. a3 Nb4 28. axb4 cxb4 29. d5 a3 30. Qxe6+ Qxe6 31. dxe6 Bf6 32. Kb1 Rxc4
33. Rxc4 axb2 34. Rd4 Ra1+ 35. Kxb2 Rxh1 36. Kxb3 Bxd4 37. exd4 Kf8 38. Bxb4+
Ke8 39. d5 Rb1+ 40. Kc4 Rc1+ 41. Kb5 Rc2 42. Bc5 Re2 43. Kc6 Re1 44. Be3 Re2
45. d6 Rc2+ 46. Kd5 1-0

[Event "Dmg_Chmp_2022"]
[Site "Dimitrovgrad"]
[Date "2022.11.27"]
[Round "3"]
[White "Abramov, Sergey"]
[Black "Zaletov, Yuri"]
[Result "0-1"]
[ECO "B31"]
[WhiteElo "2005"]
[BlackElo "2119"]
[PlyCount "64"]
[TimeControl "90"]

1. e4 c5 2. Nf3 Nc6 3. Bb5 g6 4. Bxc6 dxc6 5. d3 Bg7 6. e5 Nh6 7. h4 Bg4 8. O-O
Nf5 9. g3 Nd4 10. Nbd2 Bxe5 11. Qe1 Bg7 12. Nxd4 cxd4 13. Qe4 h5 14. Re1 Bf5
15. Qf3 O-O 16. Nc4 Qd5 17. Qxd5 cxd5 18. Na5 e5 19. Nxb7 Rac8 20. Nd6 Rxc2 21.
Nxf5 gxf5 22. b3 Rfc8 23. Kf1 R8c3 24. Rd1 e4 25. Bf4 Kh7 26. Ke1 Kg6 27. Bg5
Be5 28. b4 f6 29. Bc1 e3 30. fxe3 Bxg3+ 31. Kf1 Rf2+ 32. Kg1 Rcc2 0-1

[Event "Dmg_Chmp_2022"]
[Site "Dimitrovgrad"]
[Date "2022.11.27"]
[Round "3"]
[White "Shapran, Stefaniya"]
[Black "Markelov, Aleksey"]
[Result "0-1"]
[ECO "A13"]
[WhiteElo "1800"]
[BlackElo "1950"]
[PlyCount "124"]
[TimeControl "90"]

1. Nf3 d5 2. c4 e6 3. cxd5 exd5 4. d4 Bd6 5. Nc3 c6 6. g3 Bf5 7. Qb3 Qb6 8.
Qxb6 axb6 9. Bg2 Nf6 10. O-O O-O 11. Nh4 Bg6 12. Nxg6 hxg6 13. e4 dxe4 14. Nxe4
Nxe4 15. Bxe4 Nd7 16. Be3 Nf6 17. Bc2 Rfe8 18. Bb3 b5 19. h3 Bxg3 20. Bg5 Bd6
21. Bxf6 gxf6 22. Rfe1 Kf8 23. Kf1 f5 24. a4 bxa4 25. Rxe8+ Kxe8 26. Rxa4 Rxa4
27. Bxa4 f6 28. d5 b5 29. Bb3 c5 30. Bc2 Kd7 31. Bd1 Kc7 32. Ke1 Bf4 33. Be2 c4
34. Kd1 Kd6 35. Bf3 Be5 36. Kc2 Bd4 37. b3 Kc5 38. bxc4 bxc4 39. h4 Bxf2 40. h5
gxh5 41. Bxh5 Kxd5 42. Bf7+ Kd4 43. Bxc4 Kxc4 44. Kd2 Kd4 45. Ke2 Be3 46. Kf3
f4 47. Ke2 Ke4 48. Kf1 f3 49. Ke1 Kf4 50. Kf1 Kg3 51. Ke1 f2+ 52. Kf1 f5 53.
Ke2 Kg2 54. Kxe3 f1=Q 55. Kd4 Qb5 56. Ke3 Qc4 57. Kd2 Kf2 58. Kd1 Qe2+ 59. Kc1
Ke3 60. Kb1 Kd3 61. Ka1 Kc3 62. Kb1 Qb2# 0-1

[Event "Dmg_Chmp_2022"]
[Site "Dimitrovgrad"]
[Date "2022.11.27"]
[Round "3"]
[White "Rudnev, Yuri"]
[Black "Abramov, Alexander"]
[Result "0-1"]
[ECO "B98"]
[WhiteElo "2150"]
[BlackElo "2050"]
[PlyCount "51"]
[TimeControl "90"]

1. e4 c5 2. Nf3 d6 3. d4 cxd4 4. Nxd4 Nf6 5. Nc3 a6 6. Bg5 e6 7. f4 Be7 8. Qf3
Nbd7 9. O-O-O h6 10. Bh4 Qc7 11. Bf2 b5 12. Bd3 b4 13. Nce2 Bb7 14. Kb1 Nc5 15.
Ng3 O-O 16. Rhe1 Rfc8 17. Nf1 a5 18. g4 d5 19. e5 Nfe4 20. Ng3 a4 21. Nb5 Qa5
22. Bxc5 Rxc5 23. Nd6 Bxd6 24. Nxe4 dxe4 25. Bxe4 Bxe4 26. Qxe4 0-1

[Event "Dmg_Chmp_2022"]
[Site "Dimitrovgrad"]
[Date "2022.11.27"]
[Round "3"]
[White "Slaboganin, Vladimir"]
[Black "Kuprikova, Anna"]
[Result "1-0"]
[ECO "B01"]
[WhiteElo "1900"]
[BlackElo "1800"]
[PlyCount "95"]
[TimeControl "90"]

1. e4 d5 2. exd5 Qxd5 3. Nc3 Qa5 4. Nf3 Bg4 5. Be2 Nf6 6. O-O e6 7. d4 c6 8.
Ne5 Bxe2 9. Qxe2 Bd6 10. Bg5 Qc7 11. Rfe1 Nbd7 12. Ne4 Nxe4 13. Qxe4 Nf6 14.
Qh4 O-O-O 15. Bxf6 gxf6 16. Qxf6 Bxe5 17. dxe5 h5 18. Rad1 Rdg8 19. Re3 h4 20.
h3 Rh5 21. Rd4 Rhg5 22. Rg4 Rxg4 23. hxg4 Rxg4 24. Qh8+ Qd8 25. Qxd8+ Kxd8 26.
Kh2 Ke7 27. Kh3 Rf4 28. f3 Rc4 29. c3 b5 30. Re4 Rxe4 31. fxe4 f5 32. Kxh4 fxe4
33. Kg3 Kf7 34. Kf4 c5 35. Kxe4 Kg6 36. b4 cxb4 37. cxb4 a6 38. Kf4 Kh5 39. g3
Kg6 40. g4 Kh6 41. Ke4 Kg5 42. Kd4 Kxg4 43. Kc5 Kf5 44. Kd6 Ke4 45. Kxe6 Kd4
46. Kd6 Kc4 47. e6 Kxb4 48. e7 1-0

[Event "Dmg_Chmp_2022"]
[Site "Dimitrovgrad"]
[Date "2022.11.27"]
[Round "3"]
[White "Guliev, Fahrutdin"]
[Black "Abramov, Gordey P."]
[Result "1-0"]
[ECO "D02"]
[WhiteElo "1750"]
[BlackElo "1850"]
[PlyCount "37"]
[TimeControl "90"]

1. d4 Nf6 2. Nf3 d5 3. h3 c6 4. Bf4 e6 5. e3 Be7 6. Bd3 O-O 7. O-O Nbd7 8. c4
dxc4 9. Bxc4 b5 10. Bd3 Bb7 11. Ne5 a6 12. Nc3 Nxe5 13. dxe5 Nd5 14. Ne4 c5 15.
Rc1 c4 16. Bb1 Qb6 17. Qh5 Nxf4 18. Nf6+ Bxf6 19. Qxh7# 1-0